 Dungeon Crawl Stone Soup version 0.31.0-12-g77e489cdc1 (webtiles) character file.

Game seed: 11608298894934665717

1073312 Baz the Conqueror (level 27, -4/195 (228) HPs)
             Began as a Djinni Fire Elementalist on Feb 13, 2024.
             Was an Initiate of Gozag.
             Slain by an iron golem (37 damage)
             ... on level 3 of the Iron City of Dis on Feb 15, 2024.
             The game lasted 07:05:25 (114803 turns).

Baz the Conqueror (Djinni Fire Elementalist)      Turns: 114803, Time: 07:05:25

HP:   -4/195 (228)  AC: 21    Str: 18      XL:     27
Gold: 35503         EV: 23    Int: 29      God:    Gozag SH: 34 Dex: 15 (20)

rFire   + + +        a - staff of the People {rElec Stlth- Conj Ice Air}
rCold   + + .        J - +9 tower shield "Viucezia" {Int+2 Dex+4}
rNeg    + + .        N - +6 acid dragon scales "Dabruros" {^Drain rF+ rCorr Str+3}
rPois   ∞            o - +2 hat {Will+}
rElec   +            X - +2 cloak of the Intense God {rF+ rC+}
rCorr   +            k - +0 pair of gloves of Too Many Cooks {rF+ rC+}
SInv    +            (boots unavailable)
Will    +++..        w - amulet of the Air {Inacc Air Fly rElec RMsl}
Stlth   +            P - ring of see invisible
HPRegen 0.52/turn    M - ring of Uluyqyit {rF- rC+ rN++ Str+6}
MPRegen 0.00/turn

%: inaccuracy (-5), repel missiles, infuse magic (-5 HP)
@: gold aura, flying, studying 4 skills, heavily drained, corroded
A: sickness immunity, fire resistance 2, cold vulnerability 1, float, innate
caster, HP casting, extra vitality 1, iridescent scales 1, inability to read
after injury 2
}: 11/15 runes: barnacled, slimy, silver, obsidian, abyssal, demonic, glowing,
magical, fiery, dark, gossamer
a: Renounce Religion, Potion Petition, Call Merchant, Bribe Branch


You were on level 3 of the Iron City of Dis.
You worshipped Gozag.
Gozag was extremely pleased with you.
You visited 15 branches of the dungeon, and saw 67 of its levels.
You visited Pandemonium 2 times, and saw 13 of its levels.
You visited the Abyss 4 times.
You also visited: Trove, Bailey, Ice Cave and Wizlab.

You collected 44232 gold pieces.
You spent 5267 gold pieces at shops.
You paid 3462 gold pieces to Gozag.

Inventory:

Missiles
 r - 9 throwing nets
Armour
 k - the +0 pair of gloves of Too Many Cooks (worn) {rF+ rC+}
   (You found it on level 1 of the Spider Nest)

   rF+:       It protects you from fire.
   rC+:       It protects you from cold.
 o - a +2 hat of willpower (worn)
 y - the +0 helmet of Wasted Space {rElec Regen+ Int+3}
   (You found it on level 2 of the Crypt)

   Int+3:     It affects your intelligence (+3).
   rElec:     It insulates you from electricity.
   Regen+:    It increases your rate of health regeneration.
 J - the +9 tower shield "Viucezia" (worn) {Int+2 Dex+4}
   (You found it in a bailey)

   Int+2:     It affects your intelligence (+2).
   Dex+4:     It affects your dexterity (+4).
 K - the +11 plate armour of Soinooc {rCorr Int+4}
   (You found it in a bailey)

   Int+4:     It affects your intelligence (+4).
   rCorr:     It protects you from acid and corrosion.
 N - the +6 acid dragon scales "Dabruros" (worn) {^Drain rF+ rCorr Str+3}
   (You bought it in a shop on level 4 of the Dungeon)

   Str+3:     It affects your strength (+3).
   rF+:       It protects you from fire.
   rCorr:     It protects you from acid and corrosion.
   ^Drain:    It drains your maximum health when unequipped.
 R - a +1 cloak of willpower
 X - the +2 cloak of the Intense God (worn) {rF+ rC+}
   (You found it on level 2 of the Realm of Zot)

   rF+:       It protects you from fire.
   rC+:       It protects you from cold.
Magical Staves
 a - the staff of the People (weapon) {rElec Stlth- Conj Ice Air}
   (You found it on level 5 of the Lair of Beasts)

   [staff of conjuration]

   Base accuracy: +5 Base damage: 5 Base attack delay: 1.2 This weapon's minimum
   attack delay (0.6) is reached at skill level 12.
   rElec:     It insulates you from electricity.
   Stlth-:    It makes you less stealthy.
   Conj:      It increases the power of your Conjurations spells.
   Ice:       It increases the power of your Ice spells.
   Air:       It increases the power of your Air spells.
   It falls into the 'Staves' category.
   It is a one-handed weapon.
 l - the staff "Demonbane" {+Blink rF+ Conj Fire}
   (You found it on level 5 of the Lair of Beasts)

   [staff of fire]

   Base accuracy: +5 Base damage: 5 Base attack delay: 1.2 This weapon's minimum
   attack delay (0.6) is reached at skill level 12.
   rF+:       It protects you from fire.
   +Blink:    It lets you blink.
   Conj:      It increases the power of your Conjurations spells.
   Fire:      It increases the power of your Fire spells.
   It falls into the 'Staves' category.
   It is a one-handed weapon.
Jewellery
 e - a +5 ring of evasion
 f - a +6 ring of intelligence
 w - the amulet of the Air (around neck) {Inacc Air Fly rElec RMsl}
   (You bought it in a shop on level 12 of the Dungeon)

   [amulet of nothing]

   Inacc:     It reduces the accuracy of your attacks and spells.
   Air:       It enhances your air magic.
   rElec:     It insulates you from electricity.
   Fly:       It grants you flight.
   RMsl:      It protects you from missiles.
 M - the ring of Uluyqyit (right hand) {rF- rC+ rN++ Str+6}
   (You took it off a deep elf sorcerer on level 3 of the Elven Halls)

   [ring of strength]

   Str+6:     It affects your strength (+6).
   rF-:       It makes you vulnerable to fire.
   rC+:       It protects you from cold.
   rN++:      It greatly protects you from negative energy.
 P - a ring of see invisible (left hand)
Wands
 n - a wand of light (30)
 q - a wand of flame (165)
 A - a wand of iceblast (81)
 O - a wand of charming (64)
 S - a wand of polymorph (28)
 Y - a wand of digging (33)
Scrolls
 b - 25 scrolls of teleportation
 c - 8 scrolls of enchant armour
 g - 6 scrolls of silence
 h - 8 scrolls of fog
 m - 17 scrolls of fear
 t - 15 scrolls of blinking
 v - 10 scrolls of enchant weapon
 B - 10 scrolls of immolation
 D - 4 scrolls of revelation
 F - 7 scrolls of torment
 L - 5 scrolls of brand weapon
 Q - 3 scrolls of acquirement
 U - 7 scrolls of butterflies
 V - 11 scrolls of poison
 Z - 12 scrolls of vulnerability
Potions
 d - 12 potions of lignification
 i - 15 potions of brilliance
 j - 2 potions of resistance
 p - 12 potions of attraction
 s - 9 potions of ambrosia
 u - 9 potions of enlightenment
 x - 11 potions of might
 z - 45 potions of curing
 C - 7 potions of mutation
 E - 10 potions of haste
 G - 4 potions of invisibility
 H - 16 potions of heal wounds
 T - 6 potions of berserk rage
 W - 2 potions of cancellation
Miscellaneous
 I - a sack of spiders


   Skills:
 O Level 27 Fighting
 + Level 11.6 Staves
 + Level 25.4 Armour
 + Level 22.3 Dodging
 - Level 1.5 Stealth
 + Level 26.9 Shields
 O Level 27 Spellcasting
 O Level 27 Conjurations
 O Level 27 Hexes
 O Level 27 Summonings
 O Level 27 Necromancy
 O Level 27 Translocations
 O Level 27 Fire Magic
 O Level 27 Ice Magic
 O Level 27 Air Magic
 O Level 27 Earth Magic
 O Level 27 Alchemy
 + Level 14.0 Evocations


You knew the following spells:

 Your Spells              Type           Power      Damage    Failure   Level
a - Foxfire               Conj/Fire      100%       2x1d9     0%          1
b - Scorch                Fire           100%       2d9       0%          2
c - Volatile Blastmotes   Fire/Tloc      100%       2d18      0%          3
d - Inner Flame           Hex/Fire       100%       N/A       0%          3
e - Flame Wave            Conj/Fire      100%       2d21      0%          4
f - Sandblast             Erth           100%       2d20      0%          1
g - Call Imp              Summ           100%       N/A       0%          2
h - Tukima's Dance        Hex            100%       N/A       0%          3
i - Dispel Undead         Necr           100%       3d31      0%          4
j - Arcjolt               Conj/Air       95%        1d105     0%          5
k - Freezing Cloud        Conj/Ice/Air   95%        6-21      0%          5
l - Bombard               Conj/Erth      69%        9d11      0%          6
m - Death Channel         Necr           57%        N/A       0%          6
n - Dispersal             Tloc           57%        N/A       0%          6
o - Malign Gateway        Summ/Tloc      57%        N/A       0%          7
p - Spellforged Servitor  Conj/Summ      69%        N/A       0%          7
q - Ignition              Fire           57%        3d16      1%          8
r - Polar Vortex          Ice            69%        12d9*     1%          9
Your spell library was empty.

Dungeon Overview and Level Annotations

Branches:
Dungeon (15/15)            Temple (1/1) D:6            Lair (5/5) D:11
 Shoals (4/4) Lair:3       Spider (4/4) Lair:2        Slime (5/5) Lair:4
    Orc (2/2) D:12            Elf (3/3) Orc:2        Vaults (5/5) D:14
  Crypt (3/3) Vaults:2       Tomb (0/3) Crypt:3      Depths (4/4) D:15
   Hell (visited)             Dis (3/7) Hell            Geh (7/7) Hell
    Coc (0/7) Hell            Tar (0/7) Hell            Zot (5/5) Depths:4
 Bailey (visited)           IceCv (visited)          WizLab (visited)

Altars:
Ashenzari
Cheibriados
Dithmenos
Elyvilon
Fedhas
Gozag
Hepliaklqana
Makhleb
Nemelex Xobeh
Okawaru
Qazlal
Ru
Trog
Uskayaw
Wu Jian
Xom
Yredelemnul
Zin
The Shining One
Jiyva

Shops:
D:2 [   D:4 [   D:11 *   D:12 =   D:13 (?[   Orc:2 ([*?   Elf:2 *!   Elf:3 !
Vaults:1 (   Vaults:3 =   Vaults:4 [   Vaults:5 [?!:![?   Depths:1 [[*
Depths:4 ==:

Portals:
Hell: Depths:1 Depths:2 Depths:3 Depths:4
Abyss: Depths:2 Depths:3 Depths:4
Pandemonium: Depths:2 Depths:3
Ziggurat: Depths:2

Annotations:
D:7 1 runed translucent door, Crazy Yiuf
D:13 6 transporters
Lair:2 1 runed translucent door, Haxyobbu's ghost, journeyman MiFi
Spider:1 2 transporters, Tomate's ghost, adept GnHu
Spider:2 1 exclusion
Elf:2 3 runed translucent doors
Elf:3 1 exclusion
Vaults:4 2 transporters, exclusion: orange crystal statue
Depths:3 2 transporters
Depths:4 exclusion: 4 draconian stormcallers


Innate Abilities, Weirdness & Mutations

You are immune to sickness and miasma.
You are immune to poison.
Your flesh is very heat resistant. (rF++)
You are vulnerable to cold. (rC-)
You float through the air rather than walking.
You learn spells naturally, not from books.
Your magical power is your life essence.
You have superior vitality. (+4 MHP)
You are partially covered in iridescent scales. (AC +2)
You sometimes lose the ability to read scrolls when taking damage.


Message History

Casting: Bombard (safe; 0% risk of failure)
Confirm with . or Enter, or press ? or * to list all spells.
Aiming: Bombard (safe; 0% risk of failure)
Press: ? - help, Shift-Dir - straight line, f/p - iron giant
Aim: an iron giant, wielding a +0 giant club (whirling frost, heavily wounded, 100% to hit)
You feel a surge of power!
The iron shot hits the iron giant!!
The iron giant is severely wounded.
You block the iron golem's attack. x2; You block the iron giant's attack.
You block the iron golem's attack.
The iron golem hits you but does no damage.
The iron golem misses you. The iron golem closely misses you.
Unknown command.
Unknown command.
Casting: Bombard (safe; 0% risk of failure)
Confirm with . or Enter, or press ? or * to list all spells.
Aiming: Bombard (safe; 0% risk of failure)
Press: ? - help, Shift-Dir - straight line, f/p - iron giant
Aim: an iron giant, wielding a +0 giant club (whirling frost, almost dead, 100% to hit)
You feel a surge of power!
The iron shot hits the iron giant!!!
You kill the iron giant!
You block the iron golem's attack. The iron golem misses you.
You block the iron golem's attack. x2; The iron golem hits you!!
* * * LOW HITPOINT WARNING * * *
You block the iron golem's attack.
You feel your intelligence returning.
You feel the corruption within you wane completely.
Your body's shape seems more normal.
A crystal echidna comes into view.
The winds around you start to calm down.
You are engulfed in whirling frost.
The crystal echidna flicks its quills at you.
You block the volley of spikes.
You see here 16 gold pieces.
You are engulfed in whirling frost.
You block the iron golem's attack. The iron golem completely misses you.
There is a gateway leading out of Dis here.
The winds around you calm down. The iron golem hits you!!!
You die...
Your body crumbles into a pile of gold.

#...........
#....^.......
#............
#.....$......
#............
#.$.$$.r.....
#............
#.$..$.....§.
#.$@9.$....§§
#..99$.....§§
#....$.......
#............
#............
#............
#....#######.
#....# #....#


You could see 3 iron golems and a crystal echidna.

Vanquished Creatures
  Cerebov (Pan)
  Asmodeus (Geh:7)
  the Royal Jelly (Slime:5)
  Gloorx Vloq (Pan)
  Mnoleg (Pan)
  Lom Lobon (Pan)
  5 dread liches
  7 ancient liches
  4 orbs of fire
  Mennas (Vaults:2)
  A juggernaut (Depths:2)
  The ghost of Osipn the Impregnable, a veteran MiGl of Hepliaklqana (Crypt:2)
  The ghost of Heot Zafel the Impregnable, a veteran MiGl of Hepliaklqana (Crypt:2)
  3 pandemonium lords (Pan)
  Bai Suzhen (Elf:3)
  Saint Roka (Elf:3)
  A curse toe (Zot:5)
  3 Killer Klowns
  6 caustic shrikes (Dis:1)
  5 golden dragons
  Geryon (Hell)
  3 bone dragons
  10 hellephants
  18 Brimstone Fiends
  7 iron giants
  An electric golem (Zot:1)
  Rupert (D:14)
  Jorgrun (D:15)
  24 tentacled monstrosities
  5 Hell Sentinels
  Mlioglotl (Spider:1)
  16 Orb Guardians (Zot:5)
  9 liches
  2 deep elf blademasters (Elf:3)
  4 sphinxes
  An eldritch tentacle (Dis:1)
  A titan (Vaults:5)
  25 searing wretches
  2 deep elf master archers (Elf:3)
  4 quicksilver dragons
  8 Executioners
  17 acid blobs
  5 krakens
  11 tentacled starspawn
  7 death cobs
  21 ancient champions
  Agnes (Spider:1)
  3 tengu reavers
  6 demonspawn warmongers (Pan)
  2 shadow dragons
  6 storm dragons
  3 draconian monks
  2 revenants
  7 azure jellies
  A daeva (Abyss:1)
  9 rockslimes
  A fenstrider witch (Pan)
  2 draconian knights
  20 vault wardens
  10 deep elf sorcerers
  11 protean progenitors
  5 emperor scorpions
  16 fire giants
  5 quicksilver elementals
  5 frost giants
  4 nagarajas
  3 iron dragons
  3 draconian shifters
  38 balrugs
  A caustic shrike zombie (Crypt:2)
  8 ghost moths
  2 deep elf elementalists
  A juggernaut zombie (Crypt:3)
  5 draconian scorchers
  A curse skull (Pan)
  23 cacodemons
  2 ghouls
  16 reapers
  7 quicksilver oozes (Slime:5)
  2 orc warlords (Vaults:1)
  3 broodmothers
  9 demonspawn corrupters
  21 ironbound preservers
  12 ironbound thunderhulks
  A demonspawn blood saint (Pan)
  23 very ugly things
  12 stone giants
  2 formless jellyfish
  6 draconian annihilators
  A caustic shrike skeleton (Pan)
  8 deep elf death magi
  6 green draconians
  5 vampire knights
  6 deep elf demonologists
  6 demonspawn black suns (Pan)
  5 black draconians
  4 yellow draconians
  A wendigo (Hell)
  12 deep elf annihilators
  An elemental wellspring (Hell)
  8 dire elephants
  6 white draconians
  8 purple draconians
  9 red draconians
  5 lorocyprocas
  4 spark wasps
  23 war gargoyles
  Azrael (D:14)
  7 ettins
  3 crystal guardians (Crypt:3)
  26 iron golems
  10 merfolk impalers
  8 green deaths
  12 blizzard demons
  Josephine (D:10)
  Snorg (D:13)
  5 fire dragons
  7 merfolk javelineers
  3 entropy weavers
  42 vault guards
  9 deep elf high priests
  8 jiangshi
  8 great orbs of eyes
  A rakshasa (Depths:3)
  A spriggan zombie (Hell)
  6 ice dragons
  13 yaktaur captains
  18 salamander tyrants
  3 peacekeepers
  3 radroaches
  2 hell beasts (Pan)
  8 ogre magi
  4 centaur warriors
  5 merfolk avatars
  11 hydras
  A spriggan skeleton (Crypt:3)
  13 ironbound frosthearts
  5 jorogumos
  2 catoblepae
  3 spriggan air magi
  8 stokers
  A satyr (Shoals:4)
  A death knight (Crypt:1)
  11 boulder beetles
  10 deep troll earth magi
  9 merfolk aquamancers
  The ghost of
  112233 the Destroyer, a journeyman TeCj of Vehumet (Orc:2)
  17 two-headed ogres
  4 vampire magi
  12 death yaks
  4 deep troll shamans
  3 spriggans
  13 tengu warriors
  8 thrashing horrors
  An orc high priest (Vaults:1)
  7 demonic crawlers
  30 hell hogs
  A shock serpent (shapeshifter) (Vaults:2)
  6 occultists
  70 sun demons
  5 spriggan berserkers
  Amaemon (Lair:2)
  17 hell knights
  3 hellephant skeletons (Pan)
  5 shadow wraiths (Crypt:1)
  A crystal echidna (Dis:2)
  8 iron trolls
  12 deep elf knights
  5 pharaoh ants
  8 soul eaters
  A titan zombie (Crypt:3)
  A spatial maelstrom (Abyss:5)
  A salamander mystic (Depths:4)
  2 bunyip zombies
  62 deep trolls
  30 sixfirhies
  32 skeletal warriors
  3 wretched stars
  A glowing orange brain (shapeshifter) (Vaults:5)
  A shining eye (shapeshifter) (Vaults:5)
  7 skysharks
  12 sea snakes
  A golden dragon zombie (Crypt:3)
  Lodul (D:14)
  4 flayed ghosts
  A sun moth (shapeshifter) (Vaults:5)
  3 spriggan druids (WizLab)
  2 orb spiders (shapeshifter)
  A mana viper (shapeshifter) (Vaults:5)
  12 sun moths
  4 spriggan simulacra
  8 orb spiders
  12 ironbound convokers
  8 arcanists
  7 steelbarb worms
  7 phantasmal warriors
  7 wolf spider zombies (Spider:3)
  6 glowing orange brains
  2 anaconda zombies (Crypt:3)
  18 deep elf archers
  2 fenstrider witch simulacra (Crypt:1)
  16 shadow demons (Pan)
  6 spectral wolf spiders (Spider:3)
  35 deep elf pyromancers
  19 necromancers
  13 lindwurms
  7 orc knights
  3 orc sorcerers
  22 deep elf zephyrmancers
  22 harpies
  26 wolf spiders
  7 cyclopes
  Maurice (D:11)
  A stone giant zombie (Crypt:3)
  22 ugly things
  3 fauns (Shoals:2)
  A salamander (shapeshifter) (Depths:2)
  2 salamanders (Depths:4)
  5 shining eyes
  An alligator skeleton (Crypt:1)
  16 elephants
  A centaur zombie (Abyss:2)
  22 manticores
  8 worldbinders
  A black mamba (shapeshifter) (D:14)
  An apocalypse crab (Abyss:1)
  A dire elephant zombie (Crypt:3)
  2 kobold blastminers (Orc:1)
  12 meliai
  6 merfolk sirens
  18 vault sentinels
  4 water nymphs
  14 moths of wrath
  3 black mambas
  4 eyes of devastation
  28 smoke demons
  An alligator snapping turtle zombie (Hell)
  An ice statue (D:14)
  3 centaur skeletons
  11 cane toads
  4 torpor snails
  3 storm dragon simulacra
  A yellow draconian zombie (Crypt:2)
  19 large abominations
  30 orange demons
  2 rust devils
  3 unseen horrors
  11 molten gargoyles (Geh:7)
  7 hellions
  3 rime drakes
  An unseen horror zombie (Crypt:1)
  14 komodo dragons
  17 efreet
  20 freezing wraiths
  15 tormentors
  A steelbarb worm zombie (Crypt:2)
  40 yaktaurs
  8 tengu conjurers
  An ice devil (Pan)
  A kobold demonologist (D:9)
  An iron troll zombie (Crypt:2)
  47 merfolk
  5 red devils
  3 anaconda simulacra (Crypt:1)
  A bunyip simulacrum (Hell)
  An unseen horror skeleton (Crypt:2)
  3 ancient zymes
  2 harpy zombies (Crypt:3)
  7 wind drakes
  3 harpy skeletons
  3 polar bears
  A queen bee (D:13)
  8 trolls
  22 hellwings (Pan)
  2 wolf spider simulacra (Spider:3)
  8 hornets
  15 raiju
  4 dream sheep (Lair:4)
  26 tarantellas
  A hydra skeleton (Abyss:5)
  8 snapping turtles
  20 blink frogs
  A culicivora zombie (Crypt:1)
  6 glass eyes
  An ettin zombie (Crypt:2)
  43 slime creatures
  4 centaur simulacra
  4 air elementals
  37 jumping spiders
  6 wyverns
  26 culicivoras
  20 water elementals
  20 ynoxinuls
  4 dire elephant simulacra
  7 small abominations
  3 vampires
  6 humans (D:14)
  56 yaks
  18 dancing weapons
  2 golden eyes (Pan)
  2 hogs (Shoals:1)
  36 starcursed masses
  3 wargs
  7 fire elementals
  11 wraiths
  An alligator snapping turtle simulacrum (Crypt:1)
  55 redbacks
  8 vampire mosquitoes
  22 neqoxecs
  2 basilisks
  Menkaure (D:6)
  2 steam dragons (D:8)
  A swamp worm (shapeshifter) (Vaults:5)
  22 chaos spawn
  A hydra simulacrum (IceCv)
  A death yak simulacrum (IceCv)
  A naga zombie (Crypt:2)
  2 acid dragons
  3 harpy simulacra (Crypt:1)
  A two-headed ogre skeleton (Crypt:1)
  16 water moccasins
  2 demonspawn skeletons
  Pargi (D:3)
  5 hell hounds
  19 orc warriors
  3 black bears
  2 ettin simulacra
  A naga skeleton (Crypt:1)
  54 laughing skulls
  2 ice beasts
  A merfolk simulacrum (Crypt:1)
  A black mamba simulacrum (Hell)
  12 wolves
  5 boggarts
  6 centaurs
  35 ogres
  6 kobold brigands
  11 bullfrogs
  5 brain worms
  4 weeping skulls
  2 scorpions
  A warg zombie (Crypt:2)
  2 necrophages (Crypt:3)
  A cyclops zombie (Crypt:1)
  3 gnoll sergeants
  A deep troll simulacrum (Crypt:1)
  3 earth elementals
  A cane toad simulacrum (IceCv)
  A salamander skeleton (Crypt:1)
  8 wights (D:8)
  28 killer bees
  3 electric eels
  A crimson imp (D:8)
  2 quasits (Abyss:2)
  A hound (D:5)
  3 jellies (D:5)
  10 orc priests
  2 gnoll boudas
  An iron imp (Abyss:2)
  16 orc wizards
  A sleepcap (D:6)
  A basilisk skeleton (Crypt:2)
  10 hell rats
  12 iguanas
  7 adders
  17 gnolls
  A shadow imp (D:7)
  2 white imps
  8 ufetubi
  2 ribbon worms
  2 dart slugs
  69 orcs
  6 bats
  7 endoplasms
  A giant cockroach (D:1)
  11 goblins
  5 hobgoblins
  6 jackals
  4 quokkas
  A river rat zombie (Crypt:2)
  5 ball pythons
  A bombardier beetle zombie (Crypt:1)
  4 frilled lizards
  A goblin skeleton (Crypt:1)
  A hobgoblin skeleton (Crypt:2)
  A jackal skeleton (Crypt:1)
  27 kobolds
  6 rats
  10 aspiring fleshes
  5 creeping infernos
  7 fire vortices
  11 foxfires
  A lurking horror (Abyss:3)
  10 starspawn tentacles
  10 tentacles
3241 creatures vanquished.

Vanquished Creatures (collateral kills)
  A dread lich (Zot:5)
  3 orbs of fire
  A Killer Klown (Zot:5)
  A curse toe (Zot:1)
  A caustic shrike (Dis:1)
  A pandemonium lord (Pan)
  A golden dragon (Vaults:5)
  A pearl dragon (Abyss:3)
  2 profane servitors
  2 electric golems (Zot:5)
  2 doom hounds (Zot:1)
  2 bone dragons
  4 Brimstone Fiends
  3 hellephants
  6 tentacled monstrosities
  A Hell Sentinel (Dis:1)
  9 Orb Guardians (Zot:5)
  3 titans
  Grunn (Zot:1)
  2 quicksilver dragons
  An acid blob (Slime:5)
  3 eldritch tentacles
  A walking divine tome (Depths:4)
  An ancient champion (Dis:1)
  4 sphinxes
  A searing wretch (Geh:3)
  4 death cobs
  4 Executioners
  A tentacled starspawn (Abyss:5)
  Kirke (Shoals:1)
  5 demonspawn warmongers (Pan)
  4 storm dragons
  A nagaraja (WizLab)
  3 shadow dragons
  2 rockslimes (Slime:5)
  A draconian monk (Zot:1)
  A fire giant (Geh:4)
  A draconian knight (Zot:1)
  3 frost giants
  4 protean progenitors
  A vault warden (Vaults:5)
  2 draconian shifters
  An iron dragon (Depths:4)
  2 deep elf sorcerers
  A fenstrider witch (Pan)
  An emperor scorpion (Spider:3)
  6 balrugs
  A ghost moth (Spider:2)
  6 reapers (Pan)
  3 draconian scorchers
  6 draconian annihilators
  A spriggan defender (Depths:2)
  A curse skull (Pan)
  13 cacodemons (Pan)
  2 demonspawn blood saints (Pan)
  A demonspawn corrupter (WizLab)
  6 very ugly things
  2 juggernaut skeletons (Pan)
  An ironbound preserver (Vaults:5)
  5 green draconians
  2 red draconians
  5 black draconians
  5 stone giants
  A vampire knight (Crypt:3)
  2 deep elf demonologists
  A deep elf annihilator (Elf:3)
  3 war gargoyles
  4 purple draconians
  5 white draconians
  4 yellow draconians
  2 iron golems (Dis:1)
  A crystal guardian (Vaults:3)
  2 ettins
  A jiangshi (Depths:1)
  A merfolk impaler (Shoals:4)
  2 fire dragons
  7 blizzard demons
  2 green deaths (Pan)
  3 entropy weavers (Zot:1)
  A yaktaur captain (Vaults:5)
  2 peacekeepers (Vaults:3)
  A great orb of eyes (WizLab)
  A spriggan air mage (Depths:2)
  A salamander tyrant (Geh:7)
  A vault guard (Vaults:5)
  4 ice dragons (Depths:4)
  2 anacondas
  A satyr (Shoals:4)
  A radroach (Pan)
  A boulder beetle (Zot:1)
  A demonic crawler (Abyss:3)
  3 deep troll shamans
  A tengu warrior (Depths:4)
  3 dancing weapons
  A spriggan berserker (Depths:2)
  7 sun demons (Pan)
  A vampire mage (Depths:2)
  3 thrashing horrors
  4 hell knights (Depths:4)
  A deep elf knight (Elf:3)
  A hellephant skeleton (Pan)
  3 sixfirhies (Pan)
  A shadow wraith (Abyss:3)
  2 wretched stars (Abyss:5)
  An iron troll (Depths:1)
  A flayed ghost (Abyss:4)
  2 sea snakes (Shoals:4)
  3 deep trolls
  A glowing orange brain (Depths:2)
  A shadow demon (Pan)
  2 orb spiders (Spider:2)
  2 ironbound convokers (Vaults:5)
  A deep elf archer (Elf:3)
  2 sun moths (Pan)
  A necromancer (WizLab)
  A deep elf pyromancer (Elf:3)
  A steelbarb worm (Spider:3)
  2 shining eyes
  A wolf spider (Spider:2)
  3 large abominations
  3 oklob plants (Lair:4)
  8 moths of wrath
  A moth of wrath (shapeshifter) (WizLab)
  2 merfolk sirens (Shoals:4)
  An apocalypse crab (Abyss:3)
  A vault sentinel (Vaults:5)
  7 smoke demons
  An eye of devastation (Abyss:5)
  A molten gargoyle (Geh:7)
  9 orange demons (Pan)
  2 hellions
  An ancient zyme (Abyss:4)
  4 yaktaurs (Vaults:3)
  A merfolk (Shoals:4)
  A hydra zombie (Abyss:3)
  2 wind drakes (Shoals:4)
  A tarantella (Spider:3)
  4 hellwings (Pan)
  2 glass eyes (Zot:1)
  4 raiju
  2 snapping turtles
  6 slime creatures
  3 culicivoras (Spider:3)
  A hog (Shoals:1)
  5 water elementals
  9 ynoxinuls
  4 starcursed masses
  2 golden eyes (Pan)
  A redback (Spider:2)
  5 neqoxecs (Pan)
  A spatial vortex (Abyss:5)
  7 chaos spawn (Pan)
  2 small abominations
  A hell hound (Abyss:4)
  2 orc warriors (Vaults:5)
  An ice beast (Abyss:3)
  3 laughing skulls
  4 weeping skulls
  2 brain worms (Pan)
  An earth elemental (Elf:1)
  A gnoll (D:8)
  2 orcs (Vaults:5)
  2 kobolds
  5 aspiring fleshes
  12 foxfires
  4 starspawn tentacles
425 creatures vanquished.

Vanquished Creatures (others)
  93 eldritch tentacles
  A deep troll shaman (Depths:2)
  A smoke demon (Pan)
  A ynoxinul (Pan)
  A human (D:14)
  2 golden eyes (Abyss:3)
  5 dancing weapons
  3 ball lightnings (Pan)
  A creeping inferno (Geh:4)
  A fire vortex (Pan)
  1829 foxfires
  A lurking horror (Abyss:5)
  16 starspawn tentacles
  18 tentacles
1973 creatures vanquished.

Grand Total: 5639 creatures vanquished

Notes
Turn   | Place    | Note
-------+----------+-------------------------------------------
     0 | D:1      | Baz the Djinni Fire Elementalist began the quest for the
                  | Orb.
     0 | D:1      | Baz set off with the following spells memorised: Foxfire,
                  | Scorch, Volatile Blastmotes, Inner Flame, Flame Wave.
     0 | D:1      | Reached XP level 1. HP: 15/15 MP: 0/0
   183 | D:1      | Reached XP level 2. HP: 18/22 MP: 0/0
   304 | D:1      | Reached skill level 1 in Fighting
   706 | D:1      | Reached XP level 3. HP: 24/27 MP: 0/0
   706 | D:1      | Learned a level 1 spell: Sandblast
  1363 | D:2      | Found Mojuhuon's Armour Shoppe.
  1779 | D:2      | Reached XP level 4. HP: 27/33 MP: 0/0
  2220 | D:3      | Noticed a water moccasin
  2223 | D:3      | Killed a water moccasin
  2224 | D:3      | Reached XP level 5. HP: 39/40 MP: 0/0
  2224 | D:3      | Learned a level 2 spell: Call Imp
  2242 | D:3      | Found a faded altar of an unknown god.
  2507 | D:3      | Found a glowing golden altar of the Shining One.
  2639 | D:3      | Reached XP level 6. HP: 46/46 MP: 0/0
  2731 | D:3      | Noticed Pargi
  2750 | D:3      | Killed Pargi
  3227 | D:4      | Found a broken altar of Ashenzari.
  3332 | D:4      | Noticed a black bear
  3339 | D:4      | Killed a black bear
  3340 | D:4      | Reached XP level 7. HP: 53/53 MP: 0/0
  3340 | D:4      | Learned a level 3 spell: Tukima's Dance
  3399 | D:4      | Reached skill level 1 in Armour
  3497 | D:4      | Found Tanenaga's Dragon-Slaying Spoils.
  3573 | D:5      | Entered Level 5 of the Dungeon
  3758 | D:5      | Reached skill level 5 in Fighting
  3815 | D:5      | Reached skill level 5 in Spellcasting
  3815 | D:5      | Reached skill level 5 in Conjurations
  3815 | D:5      | Reached skill level 5 in Hexes
  3815 | D:5      | Reached skill level 5 in Summonings
  3815 | D:5      | Reached skill level 5 in Necromancy
  3815 | D:5      | Reached skill level 5 in Translocations
  3815 | D:5      | Reached skill level 5 in Fire Magic
  3815 | D:5      | Reached skill level 5 in Ice Magic
  3815 | D:5      | Reached skill level 5 in Air Magic
  3815 | D:5      | Reached skill level 5 in Earth Magic
  3815 | D:5      | Reached skill level 5 in Alchemy
  3815 | D:5      | Reached XP level 8. HP: 59/59 MP: 0/0
  4247 | D:6      | Noticed Menkaure
  4251 | D:6      | Killed Menkaure
  4658 | D:6      | Found a staircase to the Ecumenical Temple.
  4763 | Temple   | Entered the Ecumenical Temple
  4779 | Temple   | Became a worshipper of Gozag Ym Sagoz the Greedy
  4868 | D:7      | Reached XP level 9. HP: 67/67 MP: 0/0
  4868 | D:7      | Learned a level 4 spell: Dispel Undead
  5188 | D:7      | Found a runed translucent door.
  5189 | D:7      | Noticed Crazy Yiuf
  5261 | D:7      | Noticed a two-headed ogre
  5277 | D:7      | Noticed a boulder beetle
  5516 | D:7      | Killed a two-headed ogre
  5942 | D:8      | Found an ornate altar of the Wu Jian Council.
  5942 | D:8      | Found a hazy altar of Hepliaklqana.
  5950 | D:8      | Reached XP level 10. HP: 64/77 MP: 0/0
  5971 | D:8      | Reached skill level 5 in Armour
  6174 | D:8      | Found a flagged portal.
  6189 | Bailey   | Entered a bailey
  6323 | Bailey   | Noticed an orc knight
  6337 | Bailey   | Killed an orc knight
  6507 | Bailey   | Identified the +9 tower shield "Viucezia" {Int+2 Dex+4}
  6513 | Bailey   | Identified the +11 plate armour of Soinooc {rCorr Int+4}
  7002 | D:8      | Reached skill level 10 in Fighting
  7125 | D:4      | Bought the +6 acid dragon scales "Dabruros" {^Drain rF+
                  | rCorr Str+3} for 931 gold pieces
  7297 | D:8      | Found a shimmering altar of Xom.
  7298 | D:8      | Found a burning altar of Makhleb.
  7612 | D:9      | Found a shadowy altar of Dithmenos.
  7711 | D:9      | Reached skill level 1 in Shields
  7714 | D:9      | Reached XP level 11. HP: 60/85 MP: 0/0
  7714 | D:9      | Learned a level 5 spell: Arcjolt
  8220 | D:9      | Identified the +8 long sword of Quantum Leap {flame, *Slow
                  | +Blink Str+8 SInv}
  8402 | D:10     | Entered Level 10 of the Dungeon
  8474 | D:10     | Noticed a two-headed ogre
  8482 | D:10     | Killed a two-headed ogre
  8801 | D:10     | Found a hide-covered altar of Uskayaw.
  8899 | D:10     | Noticed Josephine
  8926 | D:10     | Killed Josephine
  9502 | D:11     | Noticed a cyclops
  9512 | D:11     | Killed a cyclops
  9517 | D:11     | Noticed Maurice
  9526 | D:11     | Killed Maurice
  9527 | D:11     | Reached XP level 12. HP: 88/95 MP: 0/0
  9616 | D:11     | Found Itsesail's Assorted Antiques.
  9906 | D:11     | Found a staircase to the Lair.
 10057 | Lair:1   | Entered Level 1 of the Lair of Beasts
 10162 | Lair:1   | Reached skill level 5 in Shields
 10395 | Lair:1   | Reached skill level 10 in Spellcasting
 10395 | Lair:1   | Reached skill level 10 in Conjurations
 10395 | Lair:1   | Reached skill level 10 in Hexes
 10395 | Lair:1   | Reached skill level 10 in Summonings
 10395 | Lair:1   | Reached skill level 10 in Necromancy
 10395 | Lair:1   | Reached skill level 10 in Translocations
 10395 | Lair:1   | Reached skill level 10 in Fire Magic
 10395 | Lair:1   | Reached skill level 10 in Ice Magic
 10395 | Lair:1   | Reached skill level 10 in Air Magic
 10395 | Lair:1   | Reached skill level 10 in Earth Magic
 10395 | Lair:1   | Reached skill level 10 in Alchemy
 11124 | Lair:2   | Reached XP level 13. HP: 62/103 MP: 0/0
 11124 | Lair:2   | Learned a level 5 spell: Freezing Cloud
 11390 | Lair:2   | Noticed a catoblepas
 11412 | Lair:2   | Killed a catoblepas
 11512 | Lair:2   | Noticed Amaemon
 11563 | Lair:2   | Killed Amaemon
 11635 | Lair:2   | Found a hole to the Spider Nest.
 11793 | Lair:2   | Found a runed translucent door.
 11796 | Lair:2   | Identified the +6 spear of Luxury {elec, Will+}
 11796 | Lair:2   | Noticed Haxyobbu's ghost (journeyman MiFi)
 12095 | Lair:3   | Noticed a five-headed hydra
 12106 | Lair:3   | Killed a five-headed hydra
 12194 | Lair:3   | Noticed an eight-headed hydra
 12203 | Lair:3   | Killed an eight-headed hydra
 12532 | Lair:3   | Found a staircase to the Shoals.
 12724 | Lair:3   | Noticed a four-headed hydra
 12735 | Lair:3   | Killed a four-headed hydra
 12736 | Lair:3   | Reached skill level 15 in Fighting
 12736 | Lair:3   | Reached XP level 14. HP: 97/114 MP: 0/0
 13487 | Lair:4   | Found a viscous altar of Jiyva.
 13489 | Lair:4   | Found a staircase to the Slime Pits.
 14336 | Lair:5   | Entered Level 5 of the Lair of Beasts
 15587 | Lair:5   | Reached XP level 15. HP: 81/122 MP: 0/0
 15587 | Lair:5   | Learned a level 6 spell: Bombard
 15967 | Lair:5   | Identified the staff "Demonbane" {+Blink rF+ Conj Fire}
 15970 | Lair:5   | Identified the staff of the People {rElec Stlth- Conj Ice
                  | Air}
 15987 | Lair:5   | Identified the +6 long sword of Law {heavy, *Corrode rN++
                  | Str+3}
 16624 | D:12     | Found Osmeal's Jewellery Emporium.
 16628 | D:12     | Bought the amulet of the Air {Inacc Air Fly rElec RMsl} for
                  | 488 gold pieces
 16628 | D:12     | Found the amulet of the Air {Inacc Air Fly rElec RMsl}
 16899 | D:12     | Found a staircase to the Orcish Mines.
 16966 | Orc:1    | Entered Level 1 of the Orcish Mines
 17677 | Orc:2    | Entered Level 2 of the Orcish Mines
 17835 | Orc:2    | Found a large runed translucent door.
 17835 | Orc:2    | Found a large runed translucent door.
 17843 | Orc:2    | Noticed 112233's ghost (journeyman TeCj)
 17945 | Orc:2    | Found a frozen archway.
 17961 | IceCv    | Entered an ice cave
 18024 | IceCv    | Found a transporter.
 18045 | IceCv    | Found a transporter.
 18125 | Orc:2    | Found a staircase to the Elven Halls.
 18137 | Orc:2    | Found Vaal's Armour Boutique.
 18137 | Orc:2    | Found Umecs's Magic Scroll Emporium.
 18137 | Orc:2    | Found Jofos's Antique Weapon Shoppe.
 18137 | Orc:2    | Found Zemus's Assorted Antiques.
 18140 | Orc:2    | Reached skill level 10 in Shields
 18460 | Orc:2    | Bought 3 scrolls of vulnerability for 180 gold pieces
 18836 | Orc:2    | Killed 112233's ghost
 19374 | D:13     | Found Halyruck's Magic Scroll Shoppe.
 19383 | D:13     | Bought a scroll of fear for 56 gold pieces
 19383 | D:13     | Bought a scroll of teleportation for 42 gold pieces
 19383 | D:13     | Bought a scroll of identify for 28 gold pieces
 19383 | D:13     | Bought a scroll of fog for 56 gold pieces
 19383 | D:13     | Bought a scroll of identify for 28 gold pieces
 19383 | D:13     | Bought a scroll of identify for 28 gold pieces
 19385 | D:13     | Reached XP level 16. HP: 132/132 MP: 0/0
 19632 | D:13     | Reached XP level 17. HP: 126/138 MP: 0/0
 19632 | D:13     | Learned a level 6 spell: Death Channel
 19683 | D:13     | Identified the +6 leather armour "Onwaoptyo" {Regen+ rCorr
                  | Str-5 Dex+2}
 19726 | D:13     | Found a transporter.
 19727 | D:13     | Found a transporter.
 19736 | D:13     | Found Emathriux's Antique Weapon Emporium.
 20094 | D:13     | Found a transporter.
 20098 | D:13     | Found a transporter.
 20113 | D:13     | Noticed Snorg
 20116 | D:13     | Killed Snorg
 20174 | D:13     | Found Teitig's Antique Armour Shop.
 20228 | D:13     | Found a transporter.
 20234 | D:13     | Found a transporter.
 20336 | D:14     | Noticed Azrael
 20342 | D:14     | Killed Azrael
 20937 | D:14     | Noticed Lodul
 20942 | D:14     | Killed Lodul
 21376 | D:14     | Found a gate to the Vaults.
 21395 | D:14     | Identified the +1 plate armour of Fun and Games {Harm
                  | Rampage rPois Str-2}
 21479 | D:14     | Noticed Rupert
 21485 | D:14     | Paralysed by Rupert for 2 turns
 21488 | D:14     | Killed Rupert
 22350 | D:15     | Entered Level 15 of the Dungeon
 22350 | D:15     | Identified a scroll of acquirement
 22351 | D:15     | Noticed Jorgrun
 22356 | D:15     | Killed Jorgrun
 22474 | D:15     | Found a stormy altar of Qazlal.
 22700 | D:15     | Found a staircase to the Depths.
 22986 | D:15     | Found a white marble altar of Elyvilon.
 23479 | Spider:1 | Entered Level 1 of the Spider Nest
 23565 | Spider:1 | Reached XP level 18. HP: 127/148 MP: 0/0
 24061 | Spider:1 | Noticed Mlioglotl
 24227 | Spider:1 | Found a transporter.
 24232 | Spider:1 | Noticed Tomate's ghost (adept GnHu)
 24252 | Spider:1 | Noticed Agnes
 24256 | Spider:1 | Killed Agnes
 26062 | Spider:3 | Reached skill level 15 in Spellcasting
 26062 | Spider:3 | Reached skill level 15 in Conjurations
 26062 | Spider:3 | Reached skill level 15 in Hexes
 26062 | Spider:3 | Reached skill level 15 in Summonings
 26062 | Spider:3 | Reached skill level 15 in Necromancy
 26062 | Spider:3 | Reached skill level 15 in Translocations
 26062 | Spider:3 | Reached skill level 15 in Fire Magic
 26062 | Spider:3 | Reached skill level 15 in Ice Magic
 26062 | Spider:3 | Reached skill level 15 in Air Magic
 26062 | Spider:3 | Reached skill level 15 in Earth Magic
 26062 | Spider:3 | Reached skill level 15 in Alchemy
 26990 | Spider:3 | Acquired a manual of Dodging
 27618 | Spider:4 | Entered Level 4 of the Spider Nest
 27673 | Spider:4 | Reached XP level 19. HP: 101/156 MP: 0/0
 27673 | Spider:4 | Learned a level 6 spell: Dispersal
 29204 | Spider:4 | Identified the +1 scale mail of Geixuheep {rF+ Str+4 Int+3}
 29785 | Spider:4 | Reached skill level 10 in Dodging
 30036 | Spider:4 | Reached XP level 20. HP: 164/164 MP: 0/0
 30073 | Spider:4 | Identified the +1 pair of boots of Disaster {rElec Dex+3}
 30103 | Spider:4 | Got a gossamer rune of Zot
 30507 | Spider:1 | Killed Mlioglotl
 31011 | Spider:1 | Identified the +0 pair of gloves of Too Many Cooks {rF+
                  | rC+}
 31196 | Spider:1 | Found a transporter.
 31426 | Shoals:1 | Entered Level 1 of the Shoals
 32054 | Shoals:1 | Noticed Kirke
 32069 | Shoals:1 | Killed Kirke
 32616 | Shoals:1 | Reached XP level 21. HP: 162/171 MP: 0/0
 32616 | Shoals:1 | Learned a level 7 spell: Malign Gateway
 33023 | Shoals:1 | Identified the +9 spear of Corruption {freeze, rElec Will+
                  | Stlth+}
 35821 | Shoals:3 | Found a shimmering altar of Xom.
 36256 | Shoals:3 | Found a glowing silver altar of Zin.
 37018 | Shoals:4 | Entered Level 4 of the Shoals
 38396 | Shoals:4 | Reached skill level 15 in Shields
 38582 | Shoals:4 | Identified the +3 short sword "Loimaedd" {flame, Dex+5}
 38615 | Shoals:4 | Got a barnacled rune of Zot
 38693 | Shoals:4 | Identified the +8 trident of Nonox {freeze, rF++}
 39225 | Elf:1    | Entered Level 1 of the Elven Halls
 39240 | Elf:1    | Reached XP level 22. HP: 117/180 MP: 0/0
 41109 | Elf:2    | Identified the +1 pair of gloves of Qailo {Rampage rN+}
 41241 | Elf:2    | Found a transporter.
 41241 | Elf:2    | Found Qiplomank's Distillery.
 41263 | Elf:2    | Found a transporter.
 41275 | Elf:2    | Bought a potion of heal wounds for 85 gold pieces
 41275 | Elf:2    | Bought a potion of curing for 51 gold pieces
 41275 | Elf:2    | Bought a potion of invisibility for 136 gold pieces
 41275 | Elf:2    | Bought 2 potions of curing for 102 gold pieces
 41275 | Elf:2    | Bought a potion of cancellation for 136 gold pieces
 41275 | Elf:2    | Bought a potion of curing for 51 gold pieces
 41275 | Elf:2    | Bought a potion of curing for 51 gold pieces
 41535 | Elf:2    | Found Dauxel's CLEARANCE SALE!.
 41690 | Elf:2    | Found a runed translucent gate.
 41691 | Elf:2    | Found a runed translucent gate.
 41691 | Elf:2    | Found a runed translucent gate.
 41901 | Elf:3    | Entered Level 3 of the Elven Halls
 42450 | Elf:3    | Noticed Bai Suzhen
 42860 | Elf:3    | Noticed Saint Roka
 42869 | Elf:3    | Killed Saint Roka
 43239 | Elf:3    | Identified the +1 scimitar "Garoiv" {vamp, rN++ Int+4}
 43691 | Elf:3    | Identified the +0 plate armour of the Vacuum {Will+ Str+2}
 43721 | Elf:3    | Identified the +8 long sword of Checkmate {heavy, rN+ Str+2
                  | Dex-5}
 43737 | Elf:3    | Identified the ring of Cowardice {Fly rC- Str+4 Int+6}
 43738 | Elf:3    | Identified the ring of Uluyqyit {rF- rC+ rN++ Str+6}
 43740 | Elf:3    | Reached skill level 15 in Dodging
 43740 | Elf:3    | Reached XP level 23. HP: 141/189 MP: 0/0
 43740 | Elf:3    | Learned a level 7 spell: Spellforged Servitor
 43957 | Elf:3    | Killed Bai Suzhen
 44344 | Elf:3    | Paralysed by an air elemental for 1 turns
 44446 | Elf:3    | Found Birchus's Distillery.
 44458 | Elf:3    | Bought a potion of curing for 45 gold pieces
 44458 | Elf:3    | Bought a potion of curing for 45 gold pieces
 44458 | Elf:3    | Bought a potion of brilliance for 60 gold pieces
 44958 | Vaults:1 | Entered Level 1 of the Vaults
 45357 | Vaults:1 | Found Pitwa's Weapon Boutique.
 48138 | Vaults:3 | Reached XP level 24. HP: 177/198 MP: 0/0
 48624 | Vaults:3 | Found Pex Quikk's Jewellery Boutique.
 49928 | Vaults:4 | Found a transporter.
 49930 | Vaults:4 | Noticed a dread lich
 49942 | Vaults:4 | Found a transporter.
 50179 | Vaults:4 | Found Lilath's Armour Emporium.
 50406 | Vaults:4 | Acquired a manual of Necromancy
 50806 | Depths:1 | Entered Level 1 of the Depths
 51036 | Depths:1 | Found a broken altar of Ashenzari.
 51060 | Depths:1 | Found a magical portal.
 51069 | WizLab   | Entered Alistair's Party Mansion
 51445 | WizLab   | Noticed a golden dragon
 52005 | WizLab   | Reached XP level 25. HP: 206/206 MP: 0/0
 52005 | WizLab   | Learned a level 8 spell: Ignition
 52083 | Depths:1 | Acquired 314 gold pieces
 52544 | Depths:1 | Found a gateway to Hell.
 52752 | Depths:1 | Found Cofomne's Armour Boutique.
 52788 | Depths:1 | Reached XP level 26. HP: 181/214 MP: 0/0
 52861 | Depths:1 | Found a portal to a secret trove of treasure.
 52910 | Depths:1 | Found Paisumuj's Armour Emporium.
 53200 | Depths:1 | Found Xoigh's General Store.
 53208 | Depths:1 | Bought a potion of curing for 39 gold pieces
 53208 | Depths:1 | Bought a potion of invisibility for 104 gold pieces
 53596 | Depths:2 | Found a one-way gateway to a ziggurat.
 53690 | Depths:2 | Found a one-way gate to the infinite horrors of the Abyss.
 53906 | Depths:2 | Identified the +1 robe of Complete Protection {rPois}
 54207 | Depths:2 | Noticed a juggernaut
 54219 | Depths:2 | Killed a juggernaut
 54705 | Depths:2 | Identified the +0 scale mail of the Bruised Ultimatums
                  | {rElec rF- Dex+3}
 55016 | Depths:2 | Found a one-way gate leading to the halls of Pandemonium.
 55540 | D:4      | Bought +0 shadow dragon scales for 880 gold pieces
 55878 | Depths:1 | You paid a toll of +2 shadow dragon scales to enter a
                  | treasure trove
 55879 | Trove    | Entered a treasure trove
 57076 | Depths:3 | Found a transporter.
 57077 | Depths:3 | Found a transporter.
 57080 | Depths:3 | Found a corrupted altar of Lugonu.
 57511 | Depths:4 | Entered Level 4 of the Depths
 58562 | Depths:4 | Found a gate to the Realm of Zot.
 58652 | Depths:4 | Reached XP level 27. HP: 185/222 MP: 0/0
 58652 | Depths:4 | Learned a level 9 spell: Polar Vortex
 59220 | Depths:4 | Found Dal Menn's Jewellery Shoppe.
 59223 | Depths:4 | Found Dosegg Geipt's Book Shop.
 59224 | Depths:4 | Found Arakoga's Jewellery Shoppe.
 59736 | Vaults:5 | Entered Level 5 of the Vaults
 59750 | Vaults:5 | Noticed a dread lich
 59758 | Vaults:5 | Killed a dread lich
 60280 | Vaults:5 | Found Cag Vat's Magic Scroll Shop.
 60491 | Vaults:5 | Found Daman's Distillery.
 60505 | Vaults:5 | Bought a scroll of blinking for 120 gold pieces
 60505 | Vaults:5 | Bought a scroll of fear for 64 gold pieces
 60505 | Vaults:5 | Bought a scroll of teleportation for 48 gold pieces
 60505 | Vaults:5 | Bought a scroll of fog for 64 gold pieces
 60505 | Vaults:5 | Bought a scroll of fear for 64 gold pieces
 60505 | Vaults:5 | Bought a scroll of acquirement for 832 gold pieces
 60553 | Vaults:5 | Reached skill level 10 in Armour
 60580 | Vaults:5 | Noticed an ancient lich
 60588 | Vaults:5 | Killed an ancient lich
 60842 | Vaults:5 | Noticed an ancient lich
 60847 | Vaults:5 | Killed an ancient lich
 60895 | Vaults:5 | Found Perghet's Book Shoppe.
 60897 | Vaults:5 | Found Yggitogu's Antique Armour Shoppe.
 62207 | Vaults:5 | Found Ymude's Antique Armour Shoppe.
 62237 | Vaults:5 | Got a silver rune of Zot
 62622 | Vaults:5 | Found Arat's Magic Scroll Emporium.
 62627 | Vaults:5 | Bought a scroll of blinking for 120 gold pieces
 62627 | Vaults:5 | Bought a scroll of teleportation for 48 gold pieces
 62660 | Vaults:5 | Noticed an ancient lich
 63047 | Vaults:5 | Killed an ancient lich
 63112 | Vaults:5 | Identified the +6 glaive "Pidy" {freeze, rF+ rC+ Dex+4
                  | SInv}
 63123 | Vaults:5 | Found Zudysietukh's Distillery.
 63128 | Vaults:5 | Bought a potion of heal wounds for 95 gold pieces
 63128 | Vaults:5 | Bought a potion of haste for 190 gold pieces
 63759 | Zot:1    | Entered Level 1 of the Realm of Zot
 64885 | Zot:1    | Noticed Grunn
 64888 | Zot:1    | Killed Grunn
 66551 | Zot:2    | Reached skill level 27 in Fighting
 67063 | Zot:2    | Identified the +2 cloak of the Intense God {rF+ rC+}
 67370 | Zot:2    | Noticed a Killer Klown
 67375 | Zot:2    | Killed a Killer Klown
 67384 | Zot:2    | Noticed an orb of fire
 67389 | Zot:2    | Gained mutation: Your body sometimes deteriorates upon
                  | taking damage. [an orb of fire]
 67392 | Zot:2    | Gained mutation: You occasionally lose the ability to read
                  | scrolls when taking damage. [an orb of fire]
 67393 | Zot:2    | Gained mutation: You are dopey. (Int -2) [an orb of fire]
 67397 | Zot:2    | Gained mutation: Your muscles are strong. (Str +4, Int/Dex
                  | -1) [an orb of fire]
 67410 | Zot:2    | Killed an orb of fire
 68570 | Zot:3    | Noticed an orb of fire
 68576 | Zot:3    | Killed an orb of fire
 68963 | Zot:3    | Noticed an orb of fire
 68967 | Zot:3    | Gained mutation: You occasionally lose the ability to drink
                  | potions when taking damage. [an orb of fire]
 68967 | Zot:3    | Gained mutation: You are very dopey. (Int -4) [an orb of
                  | fire]
 68970 | Zot:3    | Gained mutation: Armour fits poorly on your strangely
                  | shaped body. [an orb of fire]
 68971 | Zot:3    | Killed an orb of fire
 68972 | Zot:3    | Reached skill level 15 in Armour
 71175 | Zot:4    | Identified the +2 robe "Nuqoydep" {^Contam rF+++ Regen+
                  | rCorr}
 72106 | Zot:5    | Entered Level 5 of the Realm of Zot
 72653 | Zot:5    | Noticed a dread lich
 72661 | Zot:5    | Killed a dread lich
 73264 | Zot:5    | Noticed an ancient lich
 73271 | Zot:5    | Killed an ancient lich
 73324 | Zot:5    | Noticed an orb of fire
 73326 | Zot:5    | Gained mutation: You have hidden genetic defects. [an orb
                  | of fire]
 73331 | Zot:5    | Killed an orb of fire
 73338 | Zot:5    | Lost mutation: Your muscles are strong. (Str +4, Int/Dex
                  | -1) [potion of mutation]
 73338 | Zot:5    | Lost mutation: Your body sometimes deteriorates upon taking
                  | damage. [potion of mutation]
 73338 | Zot:5    | Gained mutation: You expend health (3 HP) to strengthen
                  | your wands. [potion of mutation]
 73339 | Zot:5    | Lost mutation: You expend health (3 HP) to strengthen your
                  | wands. [potion of mutation]
 73339 | Zot:5    | Lost mutation: You occasionally lose the ability to drink
                  | potions when taking damage. [potion of mutation]
 73339 | Zot:5    | Lost mutation: You are very dopey. (Int -4) [potion of
                  | mutation]
 73339 | Zot:5    | Lost mutation: Armour fits poorly on your strangely shaped
                  | body. [potion of mutation]
 73339 | Zot:5    | Gained mutation: You occasionally lose the ability to drink
                  | potions when taking damage. [potion of mutation]
 73339 | Zot:5    | Gained mutation: Your movements are slightly less
                  | encumbered by armour. (ER -2) [potion of mutation]
 73340 | Zot:5    | Lost mutation: Your movements are slightly less encumbered
                  | by armour. (ER -2) [potion of mutation]
 73340 | Zot:5    | Lost mutation: You occasionally lose the ability to drink
                  | potions when taking damage. [potion of mutation]
 73340 | Zot:5    | Lost mutation: You are dopey. (Int -2) [potion of mutation]
 73340 | Zot:5    | Lost mutation: You have hidden genetic defects. [potion of
                  | mutation]
 73340 | Zot:5    | Gained mutation: You passively dampen the noise of your
                  | surroundings. [potion of mutation]
 73340 | Zot:5    | Gained mutation: You are partially covered in iridescent
                  | scales. (AC +2) [potion of mutation]
 73515 | Zot:5    | Noticed an orb of fire
 73531 | Zot:5    | Killed an orb of fire
 73658 | Zot:5    | Noticed a dread lich
 73670 | Zot:5    | Killed a dread lich
 74268 | Zot:5    | Noticed a Killer Klown
 74272 | Zot:5    | Noticed a Killer Klown
 74273 | Zot:5    | Noticed a Killer Klown
 74275 | Zot:5    | Noticed an orb of fire
 74277 | Zot:5    | Noticed a dread lich
 74283 | Zot:5    | Gained mutation: You are clumsy. (Dex -2) [an orb of fire]
 74397 | Zot:5    | Noticed an orb of fire
 74403 | Zot:5    | Killed an orb of fire
 74436 | Zot:5    | Killed a dread lich
 74453 | Zot:5    | Killed a Killer Klown
 74483 | Zot:5    | Killed a Killer Klown
 74702 | Zot:5    | Killed a Killer Klown
 74776 | Zot:5    | Killed an orb of fire
 74921 | Zot:5    | Noticed an ancient lich
 74926 | Zot:5    | Killed an ancient lich
 75270 | Depths:4 | Voluntarily entered the Abyss.
 75308 | Abyss:1  | Found a hide-covered altar of Uskayaw.
 75572 | Abyss:2  | Found a corrupted altar of Lugonu.
 75579 | Abyss:2  | Found a corrupted altar of Lugonu.
 75579 | Abyss:2  | Found a corrupted altar of Lugonu.
 75602 | Abyss:2  | Found a corrupted altar of Lugonu.
 75644 | Abyss:2  | Found a corrupted altar of Lugonu.
 75855 | Abyss:2  | Reached skill level 27 in Necromancy
 75887 | Abyss:3  | Found a corrupted altar of Lugonu.
 76228 | Depths:4 | Escaped the Abyss
 76495 | Depths:4 | Voluntarily entered the Abyss.
 76996 | Abyss:4  | Reached skill level 27 in Ice Magic
 76996 | Abyss:4  | Reached skill level 27 in Air Magic
 76998 | Depths:4 | Escaped the Abyss
 77176 | Depths:4 | Voluntarily entered the Abyss.
 77229 | Abyss:5  | Found a corrupted altar of Lugonu.
 77246 | Abyss:5  | Found a corrupted altar of Lugonu.
 77419 | Abyss:5  | Got an abyssal rune of Zot
 77431 | Depths:4 | Escaped the Abyss
 78085 | Slime:1  | Entered Level 1 of the Pits of Slime
 78087 | Slime:1  | Gained mutation: You are dopey. (Int -2) [a shining eye]
 78088 | Slime:1  | Gained mutation: You possess an exceptional clarity of
                  | mind. [a shining eye]
 78281 | Slime:2  | Gained mutation: Armour fits poorly on your strangely
                  | shaped body. [a shining eye]
 78382 | Slime:3  | Gained mutation: You are very dopey. (Int -4) [a shining
                  | eye]
 78566 | Slime:5  | Entered Level 5 of the Pits of Slime
 78894 | Slime:5  | Noticed the Royal Jelly
 78899 | Slime:5  | Killed the Royal Jelly
 79291 | Slime:5  | Identified the amulet of Joaseg {RegenMP rN+}
 79336 | Slime:5  | Identified the +6 short sword of Dishonesty {freeze, rF+
                  | rC+ Will+}
 79468 | Slime:5  | Got a slimy rune of Zot
 80887 | Vaults:2 | Found a staircase to the Crypt.
 81431 | Vaults:2 | Noticed Mennas
 81446 | Vaults:2 | Killed Mennas
 81625 | Vaults:2 | Lost mutation: You are clumsy. (Dex -2) [potion of
                  | mutation]
 81625 | Vaults:2 | Lost mutation: You are partially covered in iridescent
                  | scales. (AC +2) [potion of mutation]
 81625 | Vaults:2 | Lost mutation: You passively dampen the noise of your
                  | surroundings. [potion of mutation]
 81625 | Vaults:2 | Gained mutation: You are partially covered in iridescent
                  | scales. (AC +2) [potion of mutation]
 81625 | Vaults:2 | Gained mutation: You have a pair of small antennae on your
                  | head. [potion of mutation]
 81626 | Vaults:2 | Lost mutation: You are very dopey. (Int -4) [potion of
                  | mutation]
 81626 | Vaults:2 | Lost mutation: You have a pair of small antennae on your
                  | head. [potion of mutation]
 81626 | Vaults:2 | Lost mutation: Armour fits poorly on your strangely shaped
                  | body. [potion of mutation]
 81713 | Crypt:1  | Entered Level 1 of the Crypt
 83424 | Crypt:2  | Found the +3 pair of mountain boots {steadfast, rC+}
 83717 | Crypt:2  | Found a runed translucent gate.
 83717 | Crypt:2  | Found a runed translucent gate.
 83717 | Crypt:2  | Found a runed translucent gate.
 83844 | Crypt:2  | Noticed an ancient lich
 84529 | Crypt:2  | Noticed Osipn's ghost (veteran MiGl)
 84529 | Crypt:2  | Noticed Heot Zafel's ghost (veteran MiGl)
 84530 | Crypt:2  | Noticed an ancient lich
 84554 | Crypt:2  | Killed an ancient lich
 84554 | Crypt:2  | Killed an ancient lich
 84557 | Crypt:2  | Killed Heot Zafel's ghost
 84559 | Crypt:2  | Killed Osipn's ghost
 84571 | Crypt:2  | Identified the amulet of the Heavens {Acrobat rF+ Str+2
                  | Dex-2 Stlth+}
 84578 | Crypt:2  | Identified the +0 helmet of Wasted Space {rElec Regen+
                  | Int+3}
 84705 | Crypt:3  | Entered Level 3 of the Crypt
 85211 | Crypt:3  | Identified the amulet "Pelek" {+Inv Regen+}
 85211 | Crypt:3  | Identified the ring of Ahaownuu {rN+ rCorr Dex+3 Slay-6}
 85211 | Crypt:3  | Identified the ring of Sem Qauba {Fly rN+ Str+3 Dex-3}
 85614 | Crypt:3  | Found a basalt altar of Yredelemnul.
 85614 | Crypt:3  | Noticed a dread lich
 85618 | Crypt:3  | Killed a dread lich
 85682 | Crypt:3  | Identified the staff "Xisuacya" {rN+ rCorr Str+3 Necro}
 86592 | Crypt:3  | Found a staircase to the Tomb.
 87207 | Pan      | Entered Pandemonium
 87207 | Pan      | Noticed Ohabbufi the pandemonium lord
 87207 | Pan      | Found a runed translucent door.
 87210 | Pan      | Killed Ohabbufi the pandemonium lord
 87222 | Pan      | Got a demonic rune of Zot
 87423 | Pan      | Gained mutation: You have hidden genetic defects. [a
                  | cacodemon]
 87486 | Pan      | Entered the realm of Mnoleg.
 88159 | Pan      | Gained mutation: You sometimes lose the ability to read
                  | scrolls when taking damage. [a cacodemon]
 88406 | Pan      | Gained mutation: You occasionally shout uncontrollably at
                  | your foes. [hidden defects]
 89435 | Pan      | Gained mutation: Armour fits poorly on your strangely
                  | shaped body. [hidden defects]
 89435 | Pan      | Lost mutation: You have hidden genetic defects. [hidden
                  | defects expressed]
 89875 | Pan      | Reached skill level 27 in Spellcasting
 89875 | Pan      | Reached skill level 27 in Conjurations
 89875 | Pan      | Reached skill level 27 in Hexes
 89875 | Pan      | Reached skill level 27 in Summonings
 89875 | Pan      | Reached skill level 27 in Translocations
 89875 | Pan      | Reached skill level 27 in Fire Magic
 89875 | Pan      | Reached skill level 27 in Earth Magic
 89875 | Pan      | Reached skill level 27 in Alchemy
 89988 | Pan      | Reached skill level 1 in Evocations
 90178 | Pan      | Noticed Mnoleg
 90191 | Pan      | Killed Mnoleg
 90534 | Pan      | Lost mutation: You possess an exceptional clarity of mind.
                  | [a neqoxec]
 90577 | Pan      | Got a glowing rune of Zot
 90850 | Pan      | Identified the +1 whip of True Grit {antimagic, rF++ Dex-4}
 91014 | Pan      | Found an exit through the horrors of the Abyss.
 91196 | Pan      | Noticed Qaycsis the pandemonium lord
 91201 | Pan      | Killed Qaycsis the pandemonium lord
 91397 | Pan      | Noticed Womnimp the pandemonium lord
 91411 | Pan      | Killed Womnimp the pandemonium lord
 91623 | Pan      | Identified the +2 flail of Chance {holy, Dex+5}
 91682 | Pan      | Reached skill level 5 in Evocations
 92187 | Pan      | Noticed Iracelu the pandemonium lord
 92194 | Depths:2 | Escaped Pandemonium
 92195 | Depths:2 | Lost mutation: Armour fits poorly on your strangely shaped
                  | body. [potion of mutation]
 92195 | Depths:2 | Lost mutation: You occasionally shout uncontrollably at
                  | your foes. [potion of mutation]
 92195 | Depths:2 | Lost mutation: You are dopey. (Int -2) [potion of mutation]
 92197 | Pan      | Entered Pandemonium
 92213 | Pan      | Noticed Wilaas the pandemonium lord
 93156 | Pan      | Noticed Gonacac the pandemonium lord
 93161 | Pan      | Killed Gonacac the pandemonium lord
 93772 | Pan      | Entered the realm of Lom Lobon.
 93774 | Pan      | Found an exit through the horrors of the Abyss.
 93798 | Pan      | Reached skill level 1 in Staves
 94727 | Pan      | Identified the +9 trident "Ygif" {holy, rPois Int+4 SInv}
 95022 | Pan      | Noticed Lom Lobon
 95038 | Pan      | Killed Lom Lobon
 95052 | Pan      | Got a magical rune of Zot
 95560 | Pan      | Entered the realm of Gloorx Vloq.
 96279 | Pan      | Noticed Gloorx Vloq
 96307 | Pan      | Killed Gloorx Vloq
 96646 | Pan      | Got a dark rune of Zot
 96980 | Pan      | Found an exit through the horrors of the Abyss.
 97316 | Pan      | Found an exit through the horrors of the Abyss.
 97363 | Pan      | Entered the realm of Cerebov.
 97400 | Pan      | Reached skill level 5 in Staves
 97796 | Pan      | Identified the +11 morningstar "Haitonup" {heavy, rF- Int+3
                  | Dex+4}
 97944 | Pan      | Found an exit through the horrors of the Abyss.
 97955 | Pan      | Identified the +7 lajatang of Righteous Anger {vamp, ^Drain
                  | rElec rPois Int+6}
 98054 | Pan      | Identified the ring "Uvvaf" {Ice Stlth+}
 98507 | Pan      | Identified the +5 spear "Kumacuna" {flame, rC+ Str+3 Int+2}
 99758 | Pan      | Identified the +0 robe of Nassut {Will+}
 99910 | Pan      | Found the +6 sword of Cerebov {flame}
 99910 | Pan      | Noticed Cerebov
 99927 | Pan      | Killed Cerebov
100199 | Pan      | Got a fiery rune of Zot
100254 | Pan      | Identified the staff "Foqaotit" {rF+ rN+ Int+2 Stlth+
                  | Necro}
100265 | Pan      | Reached skill level 10 in Evocations
100324 | Pan      | Identified the +1 dagger "Ulloish" {spect, rPois rF+ rC+++
                  | Int-4}
100496 | Pan      | Took an exit into the Abyss.
100496 | Abyss:5  | Escaped into the Abyss
100839 | Abyss:5  | Found a corrupted altar of Lugonu.
100904 | Depths:2 | Escaped the Abyss
101080 | Hell     | Entered the Vestibule of Hell
101080 | Hell     | Noticed Geryon
101087 | Hell     | Killed Geryon
101445 | Hell     | Found a gateway to the freezing wastes of Cocytus.
101449 | Hell     | Paralysed by a wendigo for 1 turns
101531 | Hell     | Found a gateway to the decaying netherworld of Tartarus.
101593 | Hell     | Found a gateway to the ashen valley of Gehenna.
101931 | Hell     | Found a gateway to the Iron City of Dis.
102211 | Geh:1    | Entered Level 1 of Gehenna
105847 | Geh:7    | Entered Level 7 of Gehenna
108523 | Geh:7    | Reached skill level 10 in Staves
109402 | Geh:7    | Identified the +2 leather armour of the Wilderness {Will++
                  | Int+2}
110200 | Geh:7    | Found the +13 sceptre of Asmodeus
110200 | Geh:7    | Noticed Asmodeus
110214 | Geh:7    | Killed Asmodeus
110521 | Geh:7    | Got an obsidian rune of Zot
110680 | Dis:1    | Entered Level 1 of the Iron City of Dis
112342 | Dis:1    | Found a burning altar of Makhleb.
112995 | Dis:1    | Noticed a dread lich
112998 | Dis:1    | Killed a dread lich
114803 | Dis:3    | Slain by an iron golem

Illustrated notes

Levels and vault maps discovered:
D:1:      kennysheep_arrival_forest, layout_basic,
          wander_ebering_terrifying_dragon_lair
D:2:      cheibrodos_greedy_goblins, layout_basic, serial_shops, shop,
          kennysheep_generic_room_2
D:3:      layout_basic, nicolae_tso_carved_into_rock,
          shapermc_ecumenical_altar_venn, uniq_pargi
D:4:      layout_rooms, amcnicky_altar_gilded, nicolae_shop_dragon_depot
D:5:      layout_rooms, old_standard_altar, serial_curves, eino_curves_04,
          eino_curves_03
D:6:      layout_rooms, minmay_temple_entry_poolview, uniq_menkaure
D:7:      kennysheep_big_flooded_room, layout_loops_ring,
          uniq_crazy_yiuf_cottage
D:8:      layout_basic, grunt_temple_overflow_champion_of_chaos,
          vehumet_crystals, nicolae_overflow_two_pavilions, enter_bailey_3,
          grunt_ministairs_9, dreamdust_princess_bridge
D:9:      layout_basic, grunt_dithmenos_smoke
D:10:     layout_stronghold, nicolae_uskayaw_dance_studio, uniq_josephine
D:11:     layout_basic, david_lair_shrubbed, nicolae_take_the_stairs,
          uniq_maurice
D:12:     layout_small_grid, david_orc_1_choice, serial_shops, shop,
          nrook_uturn, nzn_life_drinkers
D:13:     layout_roguey, serial_shops, shop, nicolae_shop_crystal,
          nicolae_shop_advertising_works [nicolae_subvault_shop_adworks],
          special_room [special_room_bee], serial_nicolae_subway,
          nicolae_sub_station_metal, nicolae_sub_station_stone,
          nicolae_sub_station_crystal, uniq_snorg
D:14:     lemuel_ice_statue, layout_basic, ximxim_vaults_locker_room,
          glass_columns_b, minmay_fractal_squares_diagonal_5, uniq_lodul,
          uniq_azrael, uniq_rupert
D:15:     hangedman_depths_entry_civil_slaughter, layout_cave_pools,
          nicolae_qazlal_scattered_showers, amcnicky_mini_corridor_feature,
          nicolae_elyvilon_peaceful_grove, uniq_jorgrun
Temple:   hellmonk_temple_forest_ring
Lair:1:   layout_regular_city
Lair:2:   layout_regular_city, dummy_spider_entry, ebering_ghost_funeral_grove,
          uniq_amaemon
Lair:3:   beast_lair_carwin_large_4, layout_misc_corridors,
          minmay_shoals_entry_hut, dreamdust_gnoll_shepherd, grunt_megastairs_3
Lair:4:   layout_hall_layers, minmay_slime_entry_oklob_enclosed
Lair:5:   grunt_lair_end_beastmaster, layout_cellular_growth,
          chequers_serial_rivers_small_a, st_stairs_13,
          chequers_serial_rivers_micro_e, grunt_forest_stairs_basic,
          grunt_megastairs_2
Shoals:1: nicolae_shoals_lighthouse, layout_shoals, uniq_kirke
Shoals:2: layout_shoals
Shoals:3: layout_shoals, nicolae_shoals_lost_giant_baths, ldierk_geyser,
          hangedman_feature_mirror
Shoals:4: shoals_end_simple, layout_shoals
Spider:1: layout_cave_pods, gammafunk_ghost_mausoleum,
          hellmonk_motheaten_closet, uniq_mlioglotl, uniq_agnes
Spider:2: layout_spider_delve, nicolae_spider_not_touching_you
Spider:3: layout_spider_delve, nicolae_spider_undead_wolf_pack
Spider:4: spider_rune_water
Slime:1:  layout_caves, nicolae_slime_barrier
Slime:2:  layout_caves, uniq_dissolution
Slime:3:  layout_caves
Slime:4:  layout_caves
Slime:5:  slime_pit_nicolae_trefoil
Orc:1:    layout_caves, nicolae_orc_lava_room
Orc:2:    st_orc_ogre_mass, layout_diamond_mine, ebering_ghost_disaster_area,
          portal_ice_cave_entry_pillars_1
Elf:1:    minmay_elf_arrival_plus, layout_loops_corners, minmay_elf_annihilation
Elf:2:    nicolae_elf_blades_crystal_corner, layout_rooms, serial_shops,
          nicolae_shop_drivethru, nicolae_shop_clearance, uniq_zenata
Elf:3:    grunt_elf_hall_diamonds, layout_gridlike, serial_shops,
          nicolae_shop_tiny_glass, minivault_14, uniq_saint_roka,
          uniq_bai_suzhen
Vaults:1: hangedman_vaults_variations, vaults_room_semicircle,
          vaults_mumra_hexcomb, nicolae_vaults_alarming, minmay_orc_keep,
          v_rooms_5, nicolae_vaults_taking_the_gang_shopping,
          nicolae_vaults_angled_halls, layout_vaults_quadrants
Vaults:2: minmay_crypt_entry_simple_round, v_misc_27, vaults_mumra_hex,
          nicolae_vaults_double_plus_3, hangedman_vaults_unwind,
          serial_library_hellmonk_open_cross, v_rooms_3, st_squares,
          nicolae_vaults_storage_closets_2, hangedman_vaults_nails,
          layout_vaults_omnibox, uniq_mennas
Vaults:3: v_misc_16, dpeg_vaults_hating_casters,
          nicolae_vaults_offset_grid_hallway_3, nicolae_vaults_stepped_doors,
          ontoclasm_vaults_bender, nicolae_vaults_ninety_degrees,
          nicolae_vaults_spaceships, nicolae_vaults_heist,
          nicolae_vaults_little_squares_1, nicolae_vaults_layer_cake_slice,
          nicolae_vaults_tetromino_L_1, v_pattern_4, vaults_dpeg_encased_lava,
          nicolae_vaults_six-pack, layout_vaults_ring, serial_shops,
          nicolae_shop_peninsula
Vaults:4: nicolae_vaults_shrinking_rooms_1, hangedman_vaults_hat,
          nicolae_vaults_sightless_eye, nicolae_vaults_six-pack,
          nicolae_vaults_double_plus_2, nicolae_vaults_closet_pinwheel_5,
          gammafunk_sealed_arena, v_misc_18, nicolae_vaults_diamond_1,
          ontoclasm_vaults_tryst, v_alt_pattern_3, layout_vaults_omnicross,
          serial_shops, shop
Vaults:5: serial_shops
Crypt:1:  layout_misc_corridors, grunt_ministairs_6, st_chilly_death,
          grunt_crypt_arrival_split
Crypt:2:  layout_chaotic_city, gammafunk_ghost_crypt,
          serial_sigils_hangedman_shear, grunt_ministairs_6
Crypt:3:  cryptofortress_bobbens
Depths:1: layout_cave_pools, mu_enter_wizlab_5, enter_trove_2, hell_entry,
          serial_shops, kennysheep_little_box, shop, shop, grunt_ministairs_3,
          cheibrodos_ashenzari_chains
Depths:2: minmay_bloctagon, layout_honeycomb, enter_ziggurat_d,
          abyss_entry_glasseish, hell_entry, rand_demon_pan_entry_8, tgw_sif,
          infiniplex_staircase_pool_2
Depths:3: gammafunk_corrupted_shrine, layout_long_grid,
          nicolae_abyss_entry_one_way_or_another, pf_vacation_house_of_asmodeus,
          rand_demon_pan_entry_1
Depths:4: evilmike_zot_entry_argh, layout_cave_shapes, abyss_entry,
          nicolae_lava_and_water, hell_entry, minmay_shop_grove
Hell
Dis:1:    kennysheep_iron_temple, layout_jigsaw
Dis:2:    layout_regular_city
Dis:3:    layout_regular_city, nicolae_hells_seeping_fissure
Geh:1:    layout_gehenna_lava_caves
Geh:2:    layout_gehenna_pools_basic
Geh:3:    layout_gehenna_pools_triple
Geh:4:    layout_gehenna_pools_triple
Geh:5:    layout_gehenna_lava_caves
Geh:6:    layout_gehenna_lava_caves
Geh:7:    geh_hangedman
Zot:1:    regret_index_zot_pan_timeshare, layout_basic, uniq_grunn
Zot:2:    grunt_zot_stairs_mandelzot, layout_misc_corridors
Zot:3:    layout_gridville, grunt_megastairs_4
Zot:4:    layout_basic
Zot:5:    layout_concentric_octagons, grunt_ministairs_2, regret_index_zotdec_ex

Skill      XL: |  1  2  3  4  5  6  7  8  9 10 11 12 13 14 15 16 17 18 19 20 21 22 23 24 25 26 27 |
---------------+----------------------------------------------------------------------------------+-----
Fighting       | 1 2 3 4 5 6 8 10 11 13 15 16 17 19 20 21 22 23 24 25 27 | 27.0
Dodging        | 3 7 8 10 13 15 16 17 22 | 22.3
Spellcasting   | 4 5 6 8 9 10 11 12 13 14 15 16 17 18 19 20 27 | 27.0
Conjurations   | 4 5 6 8 9 10 11 12 13 14 15 16 17 18 19 20 27 | 27.0
Hexes          | 4 5 6 8 9 10 11 12 13 14 15 16 17 18 19 20 27 | 27.0
Summonings     | 4 5 6 8 9 10 11 12 13 14 15 16 17 18 19 20 27 | 27.0
Necromancy     | 4 5 6 8 9 10 11 12 13 14 15 16 17 18 19 21 27 | 27.0
Translocations | 4 5 6 8 9 10 11 12 13 14 15 16 17 18 19 20 27 | 27.0
Fire Magic     | 4 5 6 8 9 10 11 12 13 14 15 16 17 18 19 20 27 | 27.0
Ice Magic      | 4 5 6 8 9 10 11 12 13 14 15 16 17 18 19 20 27 | 27.0
Air Magic      | 4 5 6 8 9 10 11 12 13 14 15 16 17 18 19 20 27 | 27.0
Earth Magic    | 4 5 6 8 9 10 11 12 13 14 15 16 17 18 19 20 27 | 27.0
Alchemy        | 4 5 6 8 9 10 11 12 13 14 15 16 17 18 19 20 27 | 27.0
Armour         | 2 3 4 6 8 25 | 25.4
Shields        | 1 4 6 7 9 10 11 12 14 15 16 17 18 26 | 26.9
Evocations     | 14 | 14.0
Staves         | 11 | 11.6
Stealth        | |  1.5

Action                     |  1- 3 |  4- 6 |  7- 9 | 10-12 | 13-15 | 16-18 | 19-21 | 22-24 | 25-27 || total
---------------------------+-------+-------+-------+-------+-------+-------+-------+-------+-------++-------
  Melee: Dagger            |       |     6 |     2 |     4 |       |       |       |       |       ||    12
         Staff             |       |       |       |       |     7 |     4 |     4 |     2 |   155 ||   172
   Cast: Foxfire           |   114 |   110 |   168 |   428 |   258 |    12 |       |       |       ||  1090
         Scorch            |       |     4 |    40 |    81 |    79 |    16 |       |       |     8 ||   228
         Inner Flame       |       |       |     1 |       |       |       |       |     1 |       ||     2
         Tukima's Dance    |       |       |     6 |    13 |       |       |       |       |       ||    19
         Flame Wave        |       |       |     1 |    29 |    12 |       |       |       |       ||    42
         Call Imp          |       |       |       |     2 |       |     1 |       |       |     1 ||     4
         Arcjolt           |       |       |       |    17 |   221 |   207 |   228 |   331 |   732 ||  1736
         Dispel Undead     |       |       |       |     4 |     2 |     2 |       |     1 |    24 ||    33
         Volatile Blastmot |       |       |       |     3 |       |       |       |       |       ||     3
         Freezing Cloud    |       |       |       |       |    20 |    66 |    69 |    15 |    91 ||   261
         Bombard           |       |       |       |       |       |    41 |   159 |   152 |  1720 ||  2072
         Death Channel     |       |       |       |       |       |     3 |     1 |       |     4 ||     8
         Malign Gateway    |       |       |       |       |       |       |     8 |     4 |    84 ||    96
         Spellforged Servi |       |       |       |       |       |       |       |     9 |   199 ||   208
         Dispersal         |       |       |       |       |       |       |       |     1 |       ||     1
         Polar Vortex      |       |       |       |       |       |       |       |       |    73 ||    73
         Ignition          |       |       |       |       |       |       |       |       |    62 ||    62
         Sandblast         |       |       |       |       |       |       |       |       |     1 ||     1
 Invoke: Potion Petition   |       |       |       |       |       |       |       |       |     8 ||     8
  Evoke: Wand              |       |       |       |       |       |       |       |       |     9 ||     9
    Use: Scroll            |       |       |     7 |    12 |     7 |     2 |     5 |     2 |    16 ||    51
         Potion            |       |       |       |       |     1 |       |     1 |     1 |    16 ||    19
   Stab: Sleeping          |       |     1 |     1 |       |       |       |       |       |       ||     2
 Armour: Robe              |     2 |     2 |       |       |       |       |       |       |       ||     4
         Troll leather arm |       |       |    44 |    21 |       |       |       |       |       ||    65
         Acid dragon scale |       |       |       |    66 |   192 |   117 |   125 |    89 |   654 ||  1243
  Dodge: Dodged            |     4 |     8 |    43 |    92 |   121 |    70 |   110 |   125 |   668 ||  1241
         Repelled          |       |       |       |       |     3 |     5 |     2 |    18 |    71 ||    99
  Block: Kite shield       |       |       |       |       |     9 |    89 |   125 |   150 |    33 ||   406
         Buckler           |       |       |       |       |     6 |       |       |       |       ||     6
         Tower shield      |       |       |       |       |       |       |       |       |  1808 ||  1808
